[Event "Late-Titled-Tuesday-Blitz-July-09-2024"]
[Site "Chess.com"]
[Date "2024.07.09"]
[Round "9"]
[White "Veleamater"]
[Black "yaguigor"]
[Result "0-1"]
[WhiteElo "2437"]
[BlackElo "2617"]
[TimeControl "180+1"]
[EndTime "15:43:29 PDT"]
[Termination "yaguigor won by resignation"]

1. g3 d5 2. Bg2 c6 3. d3 e5 4. h3 Nf6 5. Nf3 Bd6 6. O-O O-O 7.
Nc3 Re8 8. e4 dxe4 9. dxe4 h6 10. Qe2 Qc7 11. Rd1 Bf8 12. Nh4 g6 13. Be3 Be6 14.
f4 exf4 15. gxf4 Nbd7 16. Qf2 Bg7 17. e5 Nd5 18. Nxd5 Bxd5 19. c3 Bxg2 20. Qxg2 Kh7 21. Rd3 Nb6 22. Rad1 Rad8 23. Qe4 Rxd3 24. Qxd3 Nd5 25.
Bc1 b5 26. Ng2 f6 27. Nh4 Qf7 28. f5 gxf5 29. Qxf5+ Kg8 30. exf6 Qxf6 31. Qg4 Kh7 32. Rf1 Qe6 33. Nf5 Qg6 34. Qxg6+ Kxg6 35. Rf2 Re1+ 36. Kg2 Rxc1 37. Nh4+ Kh5 38. Nf5 Be5 39. Re2 Nf4+ 40. Kf3 Nxe2 0-1

[Event "Late-Titled-Tuesday-Blitz-July-09-2024"]
[Site "Chess.com"]
[Date "2024.07.09"]
[Round "9"]
[White "Maluco_do_Natal_00"]
[Black "glucolisis04"]
[Result "1-0"]
[WhiteElo "2020"]
[BlackElo "2255"]
[TimeControl "180+1"]
[EndTime "15:43:30 PDT"]
[Termination "Maluco_do_Natal_00 won by resignation"]

1. e4 c5 2. Nf3 Nc6 3. d4 cxd4 4. Nxd4 Nf6 5. Nc3 e5 6. Ndb5 d6 7. Bg5 a6 8. Bxf6 gxf6 9. Na3 b5 10. Nd5 Bg7 11. Bd3 Ne7 12. Nxe7 Qxe7 13. O-O O-O 14. c3 f5 15. exf5 d5 16. Qh5 Qf6 17. Rad1 Bb7 18. Nc2 Rad8 19. Be2 d4 20. cxd4 exd4 21. Bf3 Bc8 22.
g4 d3 23. Ne3 Qxb2 24. g5 Kh8 25. f6 Bxf6 26. Be4 Bf5 27. Bxf5 1-0

[Event "Late-Titled-Tuesday-Blitz-July-09-2024"]
[Site "Chess.com"]
[Date "2024.07.09"]
[Round "9"]
[White "Ninocanina"]
[Black "IngOscarArdila"]
[Result "0-1"]
[WhiteElo "1969"]
[BlackElo "2280"]
[TimeControl "180+1"]
[EndTime "15:43:34 PDT"]
[Termination "IngOscarArdila won on time"]

1. d4 Nf6 2. c4 e6 3. Nc3 Bb4 4. e3 O-O 5. Bd3 c5 6. Ne2 Nc6 7. dxc5 Bxc5 8. O-O d5 9. cxd5 Nxd5 10. Nxd5 Qxd5 11. Nf4 Qg5 12. Be4 Ne5 13. Qc2 f5 14.
Bd3 Bd6 15. Be2 Bd7 16. Qb3 Rf6 17. Bd2 Rh6 18. Bc3 Bc6 19. f3 Re8 20. Rad1 Bb8 21. Rf2 Qh4 22. h3 g5 23. Nd3 Nxd3 24.
Rxd3 Qg3 25. f4 Rxh3 26. e4 Qh2+ 27. Kf1 Rxd3 28. Bxd3 Bxf4 29. Ke2 fxe4 30. Bb5 e3 31. Bxc6 bxc6 32. Be1 exf2 33. Bxf2 Qh5+ 34. Kf1 Qf7 0-1

[Event "Late-Titled-Tuesday-Blitz-July-09-2024"]
[Site "Chess.com"]
[Date "2024.07.09"]
[Round "9"]
[White "ChessicallyInclined"]
[Black "Kowarenai"]
[Result "1-0"]
[WhiteElo "2730"]
[BlackElo "2558"]
[TimeControl "180+1"]
[EndTime "15:43:35 PDT"]
[Termination "ChessicallyInclined won by resignation"]

1. e4 c6 2. Nf3 d5 3. Nc3 Bg4 4. h3 Bxf3 5. Qxf3 e6 6. Be2 dxe4 7. Nxe4 Nd7 8. d4 Ngf6 9. O-O Nxe4 10. Qxe4 Nf6 11.
Qd3 Be7 12. Rd1 O-O 13. a4 a5 14.
Qf3 Qd5 15. c3 Qxf3 16. Bxf3 Rfd8 17. g3 Rd7 18. Bd2 Nd5 19. h4 h6 20. Kf1 Kf8 21. Ke2 Bd8 22. Be4 Nf6 23. Bc2 Bb6 24. Be1 Rad8 25. Rd3 Bc7 26. Rad1 Bb6 27. Bd2 Bc7 28.
Bc1 Bb6 29. Kf3 Bc7 30. g4 Nd5 31. g5 hxg5 32. hxg5 g6 33. Kg4 Kg7 34. Rh3 Rh8 35.
Rxh8 Kxh8 36. Bd2 Kg7 37. Kf3 Bd6 38. Be4 Ne7 39. c4 Bb4 40. Bxb4 axb4 41. a5 Rd8 42. Ke3 Ra8 43. Ra1 Ra6 44. Ra4 b6 45. Rxb4 bxa5 46. Rb7 Kf8 47. Kf4 a4 48. Ke5 a3 49. bxa3 Rxa3 50.
Kd6 Ra6 51. Rb8+ Kg7 52. Kxe7 1-0

[Event "Late-Titled-Tuesday-Blitz-July-09-2024"]
[Site "Chess.com"]
[Date "2024.07.09"]
[Round "9"]
[White "rhungaski"]
[Black "andrejljepic"]
[Result "0-1"]
[WhiteElo "2621"]
[BlackElo "2502"]
[TimeControl "180+1"]
[EndTime "15:43:35 PDT"]
[Termination "andrejljepic won on time"]

1. Nf3 c6 2. g3 d6 3. Bg2 Bg4 4. O-O Qd7 5. Re1 Bh3 6. Bh1 g6 7. e4 Bg7 8. d3 Bg4 9. c3 Na6 10. Nbd2 Nf6 11. Nc4 O-O 12. a4 Nc7 13. b4 Rfd8 14.
Qb3 Rab8 15. Ng5 Qe8 16. Ne3 Bc8 17. Bb2 Ne6 18. Nf3 Nf8 19. b5 Be6 20. c4 c5 21.
Ng5 Bc8 22. a5 Ne6 23. Nf3 Qf8 24. Nd5 Ne8 25. Bxg7 N8xg7 26. Qc3 Rd7 27. b6 a6 28.
h4 Nd8 29. Bg2 Nc6 30. Bh3 Rd8 31. Bxc8 Rbxc8 32. Nh2 Ne6 33. Kg2 Ned4 34. Ng4 Qg7 35. h5 gxh5 36. Nge3 e6 37. Nf4 h4 38. Rh1 hxg3 39.
Rh3 Ne5 40. Rxg3 Ng6 41. Nh5 Qh6 42. Rh1 Kf8 43. Ng4 Qg5 44. Nhf6 Ke7 45. Qc1 Qxc1 46. Rxc1 Ne2 47. Rh1 Nxg3 48. fxg3 Rh8 49. Rh5 Rcd8 50. Kf3 Ne5+ 51. Nxe5 dxe5 52. Ng4 Rxd3+ 53. Ke2 Rxg3 54. Nxe5 Ra3 55. Nd3 Rxa5 56. e5 Rd8 0-1

[Event "Late-Titled-Tuesday-Blitz-July-09-2024"]
[Site "Chess.com"]
[Date "2024.07.09"]
[Round "9"]
[White "Kostukov_Alex"]
[Black "WilsonPalencia21"]
[Result "0-1"]
[WhiteElo "2330"]
[BlackElo "2572"]
[TimeControl "180+1"]
[EndTime "15:43:36 PDT"]
[Termination "WilsonPalencia21 won on time"]

1. g3 c5 2. Bg2 g6 3. c4 Bg7 4. Nf3 Nf6 5. O-O O-O 6. d4 d6 7. Nc3 Nc6 8. dxc5 dxc5 9. Bf4 Be6 10. Ne5 Nxe5 11. Bxe5 Qb6 12. Qb3 Nd7 13. Bxg7 Kxg7 14.
Rad1 Ne5 15. Bd5 Bh3 16. Rfe1 Rad8 17. Bxb7 Nxc4 18. Qxc4 Qxb7 19. f3 Be6 20. Qxc5 Qxb2 21. Rxd8 Rxd8 22. Ne4 Qd4+ 23. Qxd4+ Rxd4 24. Ra1 f5 25. Nc5 Bc4 26. e3 Rd2 27. Rc1 Bxa2 28. Nd7 Be6 29. Ne5 Re2 30. f4 Kf6 31. Rc7 a5 32. Ra7 Ra2 33. Ra8 a4 34. Rf8+ Kg7 35. Re8 Bd5 36. Rxe7+ Kg8 37. Rd7 Rd2 38. Ra7 Bb3 0-1

[Event "Late-Titled-Tuesday-Blitz-July-09-2024"]
[Site "Chess.com"]
[Date "2024.07.09"]
[Round "9"]
[White "gamboajp"]
[Black "ArchibaldCerveza29"]
[Result "0-1"]
[WhiteElo "2179"]
[BlackElo "2395"]
[TimeControl "180+1"]
[EndTime "15:43:36 PDT"]
[Termination "ArchibaldCerveza29 won on time"]

1. c4 g6 2. Nc3 Bg7 3. g3 c5 4. Bg2 d6 5. Nf3 Nc6 6. O-O a6 7. a3 Rb8 8. Rb1 b5 9. cxb5 axb5 10. b4 c4 11. a4 bxa4 12. Qxa4 Bd7 13. b5 Na5 14.
Ba3 Nh6 15. Bb4 Nb3 16. Ba3 Bxc3 17. Qxc4 Nxd2 18. Nxd2 Bxd2 19. Bb2 Rg8 20. Bc6 Bxc6 21. bxc6 Qc7 22. Bd4 e5 23. Rxb8+ Qxb8 24. c7 Qc8 25.
Qc6+ Ke7 26. Bb6 Qd7 27. Qc2 Bb4 28. Rb1 Bc5 29. Bxc5 dxc5 30. Qxc5+ Kf6 31. Rb6+ Kg7 0-1

[Event "Late-Titled-Tuesday-Blitz-July-09-2024"]
[Site "Chess.com"]
[Date "2024.07.09"]
[Round "9"]
[White "Noki102"]
[Black "Robert_Oros"]
[Result "0-1"]
[WhiteElo "2561"]
[BlackElo "2359"]
[TimeControl "180+1"]
[EndTime "15:43:38 PDT"]
[Termination "Robert_Oros won by checkmate"]

1. Nc3 d5 2. d4 Nf6 3. Bf4 Bf5 4.
Nf3 e6 5. e3 Bd6 6. Ne5 h6 7. g4 Bh7 8. h4 Ne4 9. Nxe4 dxe4 10.
g5 Nd7 11. gxh6 gxh6 12. Qh5 Qf6 13. Nxd7 Kxd7 14. Qb5+ Kc8 15. Bxd6 cxd6 16. Rg1 Bf5 17. O-O-O Kc7 18. d5 Rac8 19. dxe6 fxe6 20. Qa5+ Kb8 21. Rxd6 Rc7 22. c3 Rhc8 23. h5 b6 24. Qb5 Rc5 25. Qe2 Rxc3+ 26. bxc3 Qxc3+ 27. Kb1 Qc1# 0-1

[Event "Late-Titled-Tuesday-Blitz-July-09-2024"]
[Site "Chess.com"]
[Date "2024.07.09"]
[Round "9"]
[White "cthake"]
[Black "lluiss"]
[Result "1/2-1/2"]
[WhiteElo "1845"]
[BlackElo "2200"]
[TimeControl "180+1"]
[EndTime "15:43:38 PDT"]
[Termination "Game drawn by repetition"]

1. e4 c5 2. Nf3 d6 3. d4 cxd4 4. Nxd4 Nf6 5. Nc3 g6 6. Be3 Bg7 7. Qd2 Nc6 8. Nxc6 bxc6 9. Be2 Rb8 10. Rb1 O-O 11. O-O Qc7 12. h3 Re8 13. f4 Rb4 14. a3 Nxe4 15. Nxe4 Rxe4 16. Bd3 Re6 17. f5 Re5 18.
fxg6 hxg6 19. Bd4 Rd5 20. Bxg7 Kxg7 21. Qf2 Bf5 22. Bxf5 Rxf5 23. Qd4+ e5 24. Qg4 Rxf1+ 25. Rxf1 Qe7 26. c4 Qe6 27. Qe2 d5 28. cxd5 cxd5 29. b4 e4 30. Qb2+ Qe5 31. Qc2 d4 32. Qc6 d3 33. Qb7 Qe7 34. Qd5 Rd8 35. Rxf7+ Qxf7 36. Qxd8 Qe6 37. Qd4+ Kh6 38. Qe3+ g5 39. g4 Qe5 40. Qxa7 Qa1+ 41. Kg2 Qb2+ 42. Kg3 Qe5+ 43. Kg2 Qb2+ 44. Kg3 Qe5+ 45. Kg2 Qb2+ 1/2-1/2

[Event "Late-Titled-Tuesday-Blitz-July-09-2024"]
[Site "Chess.com"]
[Date "2024.07.09"]
[Round "9"]
[White "ArturoCaceres"]
[Black "djano"]
[Result "0-1"]
[WhiteElo "2398"]
[BlackElo "2588"]
[TimeControl "180+1"]
[EndTime "15:43:40 PDT"]
[Termination "djano won on time"]

1. c3 f5 2. d4 Nf6 3. e3 e6 4. Bd3 d5 5. Ne2 Bd6 6. O-O Bxh2+ 7. Kxh2 Ng4+ 8. Kg3 Qg5 9. f4 Qg6 10. Kf3 Nc6 11. Rh1 Bd7 12. g3 O-O-O 13. b4 h5 14. Rh4 Qf6 15. Ng1 Ne7 16. Rh1 g5 17. Nh3 h4 18. fxg5 Qg7 19. Qe1 e5 20. dxe5 Nc6 21. gxh4 Ncxe5+ 22. Ke2 d4 23. cxd4 Nxd3 24. Kxd3 Bb5+ 25.
Kc2 Rhe8 26. Nc3 Bc6 27. Rf1 Rxd4 28. exd4 Rxe1 29. Rxe1 Qxd4 30. Nf4 b5 31. Bd2 Nf2 32. Re2 Ne4 33. Rd1 Qxb4 34. Nd3 Qc4 35. g6 b4 36.
g7 bxc3 37. Ne5 Ba4+ 38. Kb1 Qb5+ 0-1

[Event "Late-Titled-Tuesday-Blitz-July-09-2024"]
[Site "Chess.com"]
[Date "2024.07.09"]
[Round "9"]
[White "GilbertoHernandezAmura"]
[Black "Nicolik"]
[Result "0-1"]
[WhiteElo "2522"]
[BlackElo "2732"]
[TimeControl "180+1"]
[EndTime "15:43:44 PDT"]
[Termination "Nicolik won by resignation"]

1. e4 c5 2. Nf3 Nc6 3. Bb5 g6 4.
O-O Bg7 5. Re1 Nf6 6. Bxc6 bxc6 7. Nc3 O-O 8. d3 d5 9. e5 Nd7 10. Bg5 f6 11. exf6 exf6 12. Bf4 Nb6 13. a4 g5 14. Bg3 Bg4 15. h3 Bh5 16. a5 Nd7 17. Re6 Ne5 18.
Bxe5 fxe5 19. g4 Qd7 20. Nxg5 h6 21. gxh5 hxg5 22. Rg6 Qxh3 23. h6 Rf4 24. Rxg7+ Kh8 25. Ne2 Rh4 26. Ng3 Rf8 27. Qe2 Qh2+ 28. Kf1 Qxg3 29.
Ke1 Rh1+ 30. Kd2 Qf4+ 31. Qe3 Rxa1 32. Rxa7 Qxf2+ 33. Qxf2 Rxf2+ 34. Kc3 Rc1 35. a6 Rcxc2+ 36. Kb3 Rxb2+ 37. Ka3 Rb1 38. Ra8+ Kh7 39. a7 Ra1+ 40. Kb3 Rfa2 0-1

[Event "Late-Titled-Tuesday-Blitz-July-09-2024"]
[Site "Chess.com"]
[Date "2024.07.09"]
[Round "9"]
[White "PhileKhoob"]
[Black "JoJoZP"]
[Result "0-1"]
[WhiteElo "2387"]
[BlackElo "2538"]
[TimeControl "180+1"]
[EndTime "15:43:44 PDT"]
[Termination "JoJoZP won by checkmate"]

1. Nf3 c5 2. c4 Nf6 3. g3 d5 4. cxd5 Nxd5 5. d4 cxd4 6. Nxd4 e5 7. Nb5 Qa5+ 8. N1c3 Nxc3 9. Nxc3 Bb4 10. Bd2 O-O 11. Bg2 Nc6 12. O-O Be6 13. a3 Be7 14. b4 Qd8 15.
Qc2 Nd4 16. Qb2 Bc4 17. Rfe1 Nb3 18. Rad1 Nxd2 19. Rxd2 Qb6 20. Nd5 Bxd5 21. Bxd5 a5 22. b5 a4 23. Rb1 Bc5 24. e3 Rfe8 25. Rd3 Re7 26. Qa2 g6 27. Qc4 Kg7 28. Rc1 Rc7 29. Qc3 Bd6 30. Qb2 Rac8 31. Rxc7 Rxc7 32. Kg2 Rc5 33.
e4 Rxb5 34. Qc2 Rb2 35. Qxa4 Qxf2+ 36. Kh3 Qxh2+ 37. Kg4 Qh5# 0-1

[Event "Late-Titled-Tuesday-Blitz-July-09-2024"]
[Site "Chess.com"]
[Date "2024.07.09"]
[Round "9"]
[White "MatthewG-p4p"]
[Black "Brown_Mamba24"]
[Result "0-1"]
[WhiteElo "2894"]
[BlackElo "2558"]
[TimeControl "180+1"]
[EndTime "15:43:49 PDT"]
[Termination "Brown_Mamba24 won by resignation"]

1. f4 e5 2. fxe5 d6 3. Nf3 dxe5 4. e4 Bg4 5. Bc4 Nf6 6. Bxf7+ Kxf7 7. Nxe5+ Kg8 8. Nxg4 Nxe4 9. Qf3 Qh4+ 10. g3 Qe7 11. O-O h5 12. Ne3 Nc6 13. Nf5 Qe6 14. d3 Bc5+ 15.
Kh1 Nf2+ 16. Rxf2 Bxf2 17. Qe4 Re8 18. Qxe6+ Rxe6 19. Bd2 g6 20. Nh4 g5 21. Nf3 h4 22.
gxh4 gxh4 23. Nc3 h3 24. Rf1 Be3 25. Be1 Rh5 26. Ne4 Rhh6 27. Bg3 Nb4 28. Ne1 Nd5 29.
Rf3 Bd4 30. c3 Be5 31. Nc2 Bxg3 32. hxg3 Nf6 33. Nf2 Re2 34. Nd4 Rxb2 35. g4 h2 36.
g5 Rb1+ 37. Nd1 Rxd1+ 38. Kg2 h1=Q+ 0-1

[Event "Late-Titled-Tuesday-Blitz-July-09-2024"]
[Site "Chess.com"]
[Date "2024.07.09"]
[Round "9"]
[White "Individoom"]
[Black "malakismayil"]
[Result "1-0"]
[WhiteElo "2760"]
[BlackElo "2537"]
[TimeControl "180+1"]
[EndTime "15:43:49 PDT"]
[Termination "Individoom won on time"]

1. b3 e5 2. Bb2 Nc6 3. e3 Nf6 4.
Bb5 d6 5. d4 exd4 6. exd4 Bd7 7. Nf3 Be7 8. O-O O-O 9. d5 Ne5 10. Bxd7 Nexd7 11. Re1 Re8 12. c4 a5 13. Nc3 Nc5 14. Qc2 Nfd7 15. Nb5 Rc8 16. Na7 Ra8 17.
Nb5 Rc8 18. Nfd4 Bf6 19. Nf5 Ne5 20. f4 Ned7 21. Qd2 g6 22. Rxe8+ Qxe8 23. Re1 Ne4 24.
Nh6+ Kg7 25. Qc2 Kxh6 26. Rxe4 Qd8 27. Bc1 Kg7 28. Re2 Nc5 29. Bd2 c6 30. dxc6 bxc6 31.
Na7 Ra8 32. Nxc6 Qb6 33. Ne7 Bxe7 34. Bc3+ Kf8 35. Kh1 Ne6 36. Qd2 Re8 37. f5 Bg5 38. Qd5 Nf4 39. Rxe8+ Kxe8 40. Qe4+ Kf8 41. h4 Bh6 42.
Bf6 d5 43. Qe7+ Kg8 44. Qe8+ Bf8 45. Be7 1-0

[Event "Late-Titled-Tuesday-Blitz-July-09-2024"]
[Site "Chess.com"]
[Date "2024.07.09"]
[Round "9"]
[White "schondeln"]
[Black "Horokoskii"]
[Result "0-1"]
[WhiteElo "2342"]
[BlackElo "2148"]
[TimeControl "180+1"]
[EndTime "15:43:50 PDT"]
[Termination "Horokoskii won on time"]

1. e4 c5 2. Nf3 d6 3. Bc4 Nf6 4. d3 g6 5. O-O Bg7 6. c3 O-O 7. Bb3 Nc6 8. h3 b5 9. Nbd2 a5 10.
Re1 a4 11. Bc2 Bb7 12. a3 Rc8 13. d4 cxd4 14. cxd4 Na5 15. Bd3 Qb6 16. b4 axb3 17. Nxb3 Nc4 18. Bg5 Rfe8 19. Qe2 Nd7 20. Ra2 h6 21.
Bc1 Kh7 22. h4 h5 23. Rd1 Ba6 24. d5 Nde5 25. Nxe5 Bxe5 26. Be3 Nxe3 27. Qxe3 Qb8 28. f4 Bg7 29. Nd4 Qa7 30. Bf1 Rc7 31. Kh2 Rec8 32.
Rad2 Rc3 33. Qf2 Bh6 34. g3 Bg7 35. Nf3 Qxf2+ 36. Rxf2 Rxa3 37. Ng5+ Kg8 38. Rb1 Bf6 39. Bxb5 Bxb5 40. Rxb5 Rcc3 41. Rg2 Bxg5 42. hxg5 Re3 43.
Rb4 Re1 44. Rf2 Raa1 45. Kg2 Re3 46.
Rbb2 Rae1 47. Rf3 Rxe4 48. f5 R1e2+ 0-1

[Event "Late-Titled-Tuesday-Blitz-July-09-2024"]
[Site "Chess.com"]
[Date "2024.07.09"]
[Round "9"]
[White "Beaterawn"]
[Black "Oleg_Papayan"]
[Result "1-0"]
[WhiteElo "2458"]
[BlackElo "2589"]
[TimeControl "180+1"]
[EndTime "15:43:51 PDT"]
[Termination "Beaterawn won by checkmate"]

1. e4 d5 2. exd5 Qxd5 3. Nc3 Qd8 4. d4 c6 5. Nf3 Bf5 6. Ne5 h5 7. Be3 Nd7 8. Qf3 e6 9. h3 Nxe5 10. dxe5 Bxc2 11. Be2 Be7 12. O-O g5 13. Ne4 Bxe4 14.
Qxe4 Qd5 15. Qxd5 exd5 16. f4 gxf4 17. Bxf4 Bc5+ 18. Kh2 Ne7 19. Bg5 Ng6 20. Bd3 Be7 21. e6 Ne5 22. exf7+ Kf8 23. Bxe7+ Kxe7 24. Rae1 Kd6 25.
Rf6+ Kc5 26. Rxe5 Kd4 27. Ref5 Rhf8 28. Be2 c5 29. Bxh5 c4 30. Bf3 Rad8 31. Rf4+ Ke3 32. Kg3 d4 33. Re6+ Kd2 34. Re2+ Kc1 35. Be4 d3 36.
Rf1# 1-0

[Event "Late-Titled-Tuesday-Blitz-July-09-2024"]
[Site "Chess.com"]
[Date "2024.07.09"]
[Round "9"]
[White "Indefatigable11"]
[Black "Slovak_fighter2000"]
[Result "0-1"]
[WhiteElo "2412"]
[BlackElo "2561"]
[TimeControl "180+1"]
[EndTime "15:43:51 PDT"]
[Termination "Slovak_fighter2000 won by checkmate"]

1. d4 e6 2. c4 d5 3. Nc3 c6 4.
Nf3 Nf6 5. e3 a6 6. b3 Bb4 7.
Bb2 Ne4 8. Qc2 Qa5 9. Rc1 Qxa2 10. Bd3 Nxc3 11. Bxc3 Qxc2 12. Rxc2 Bd6 13. O-O O-O 14. c5 Bc7 15. b4 Nd7 16. Ra2 Rb8 17. Nd2 e5 18. Nb3 e4 19. Be2 f5 20. Na5 Nf6 21. h3 g5 22. Rb1 f4 23. Bxa6 fxe3 24. fxe3 g4 25. hxg4 Nxg4 26. Re1 Bh2+ 27. Kh1 Bg3 28.
Rb1 Nxe3 29. Be2 Rf6 30. Be1 Rh6+ 31. Kg1 Bc7 32. b5 Bg4 33. Bxg4 Nxg4 34. g3 Rf8 35. Nxb7 Rf5 36. b6 Rfh5 37. Kf1 Rh1+ 38. Ke2 R6h2+ 39. Kd1 Ne3+ 40. Kc1 Rxe1# 0-1

[Event "Late-Titled-Tuesday-Blitz-July-09-2024"]
[Site "Chess.com"]
[Date "2024.07.09"]
[Round "9"]
[White "Al_Shima"]
[Black "Os55555"]
[Result "1-0"]
[WhiteElo "2498"]
[BlackElo "2307"]
[TimeControl "180+1"]
[EndTime "15:43:52 PDT"]
[Termination "Al_Shima won by resignation"]

1. b3 Nf6 2. Bb2 e6 3. e3 g6 4. g3 Bg7 5. Bg2 O-O 6. Ne2 Nc6 7. O-O d5 8. d3 b6 9. Nd2 Bb7 10. a3 a5 11. a4 Qe7 12. Ba3 Qd7 13. Bxf8 Rxf8 14. d4 e5 15. dxe5 Nxe5 16. Nf3 Ne4 17. Nxe5 Bxe5 18. Rb1 Qe6 19. Nd4 Qf6 20. Bxe4 dxe4 21.
c3 Ba6 22. Re1 Bd3 23. Rc1 h5 24. h4 g5 25. Qxh5 gxh4 26. Qxh4 Qxh4 27. gxh4 Kg7 28.
f4 exf3 29. Nxf3 Bf6 30. Kf2 Rh8 31. Rg1+ Kf8 32. Rg4 Ke7 33. Rf4 Rh5 34. e4 Bg7 35.
Ke3 Bh6 36. Ng5 Ba6 37. Rxf7+ Ke8 38. Rf5 Bc8 39. Re5+ Kf8 40. Rf1+ Kg8 41. Re8+ 1-0

[Event "Late-Titled-Tuesday-Blitz-July-09-2024"]
[Site "Chess.com"]
[Date "2024.07.09"]
[Round "9"]
[White "rpragchess"]
[Black "ChessLover0108"]
[Result "0-1"]
[WhiteElo "3091"]
[BlackElo "2954"]
[TimeControl "180+1"]
[EndTime "15:43:54 PDT"]
[Termination "ChessLover0108 won by checkmate"]

1. d4 Nf6 2. Bg5 d5 3. e3 e6 4. Nf3 Nbd7 5. Nbd2 Be7 6. Bd3 b6 7. e4 dxe4 8. Nxe4 Bb7 9. Nxf6+ Nxf6 10. Ne5 O-O 11.
Qd2 Ne4 12. Bxe7 Qxe7 13. Bxe4 Bxe4 14. O-O-O Rad8 15. Qe3 Bb7 16. f3 Rd5 17. Kb1 Rfd8 18. Rd3 h6 19. Rhd1 Qh4 20. h3 Qg3 21. Qd2 c5 22. Qe2 cxd4 23. Re1 Ba6 24. Nxf7 Kxf7 25. Qxe6+ Kf8 26. Ra3 Bc8 27. Qe7+ Kg8 28. Rxa7 Bf5 29.
Qf7+ Kh7 30. Ree7 d3 31. cxd3 Bxd3+ 32. Ka1 R8d7 33. Raxd7 Rxd7 34. a3 Rxe7 35. Qxe7 Qxg2 36. Qe3 Qf1+ 37. Ka2 Qd1 38. b4 Qb1# 0-1

[Event "Late-Titled-Tuesday-Blitz-July-09-2024"]
[Site "Chess.com"]
[Date "2024.07.09"]
[Round "9"]
[White "krzyzan94"]
[Black "Kirill_Klukin"]
[Result "1-0"]
[WhiteElo "2791"]
[BlackElo "2915"]
[TimeControl "180+1"]
[EndTime "15:43:55 PDT"]
[Termination "krzyzan94 won by resignation"]

1. e4 c5 2. Nf3 g6 3. Bc4 Bg7 4. c3 e6 5. d4 cxd4 6. O-O Nc6 7. cxd4 d5 8. exd5 exd5 9. Re1+ Nge7 10. Bb5 O-O 11. Bg5 h6 12. Bh4 g5 13. Bg3 Bg4 14.
Nbd2 Nxd4 15. Bd3 Nef5 16. Qa4 Nxf3+ 17. Nxf3 Nxg3 18. Qxg4 Ne4 19. Bxe4 dxe4 20. Qxe4 Qb6 21. Rab1 Rac8 22. b3 Qa5 23. h4 Bf6 24. hxg5 hxg5 25. Qxb7 Qxa2 26. Nh2 Bd4 27. Ng4 Qc2 28. Qf3 Qg6 29.
Rbd1 Rc3 30. Qd5 Bb6 31. Qe5 Rc5 32. Qb2 Rf5 33. Re5 Qg7 34. Nh6+ Qxh6 35. Rxf5 Qg6 36. Rfd5 g4 37. Qd2 g3 38. Rg5 gxf2+ 39. Kf1 Re8 40. Rxg6+ 1-0

[Event "Late-Titled-Tuesday-Blitz-July-09-2024"]
[Site "Chess.com"]
[Date "2024.07.09"]
[Round "9"]
[White "SRob2003"]
[Black "ninjatrick"]
[Result "1-0"]
[WhiteElo "2719"]
[BlackElo "2502"]
[TimeControl "180+1"]
[EndTime "15:43:55 PDT"]
[Termination "SRob2003 won by checkmate"]

1. c4 e5 2. g3 Nc6 3. Bg2 g6 4. Nc3 Bg7 5. Nf3 d6 6. O-O f5 7.
Rb1 a5 8. d3 Nf6 9. a3 O-O 10.
b4 axb4 11. axb4 f4 12. b5 Ne7 13. Bb2 Bg4 14. h3 Bxf3 15. Bxf3 c6 16. Ne4 Nxe4 17. dxe4 Qd7 18. Bg4 Qc7 19. Qd3 Rad8 20. Ba3 b6 21. bxc6 Nxc6 22. Be6+ Kh8 23. Bd5 Nd4 24. Bb2 Nc6 25. Bc3 Nd4 26. Bxd4 exd4 27. g4 f3 28.
exf3 Qe7 29. Rxb6 Rf4 30. Kg2 Rdf8 31. Rfb1 Qf6 32. Rb8 h5 33. Rxf8+ Qxf8 34. e5 Kh7 35. gxh5 dxe5 36. Qxg6+ Kh8 37. Ra1 Rf6 38. Qg4 Rd6 39. Ra8 Rd8 40. Ra7 d3 41. Qg6 d2 42. h6 Bxh6 43. Rh7# 1-0

[Event "Late-Titled-Tuesday-Blitz-July-09-2024"]
[Site "Chess.com"]
[Date "2024.07.09"]
[Round "9"]
[White "jcmesafischer"]
[Black "Bugcrusher"]
[Result "0-1"]
[WhiteElo "2360"]
[BlackElo "2503"]
[TimeControl "180+1"]
[EndTime "15:43:59 PDT"]
[Termination "Bugcrusher won by resignation"]

1. e4 e6 2. Qe2 Be7 3. Nf3 d5 4. d3 c5 5. g3 Nc6 6. Bg2 Nf6 7. O-O h6 8. Re1 O-O 9. Nbd2 a5 10. a4 b6 11. Nf1 Nd4 12. Nxd4 cxd4 13. e5 Nh7 14. f4 f5 15. exf6 Nxf6 16. Bh3 Bb4 17. Bd2 Re8 18. Bxb4 axb4 19. Nd2 Kh8 20. Nf3 e5 21.
Bxc8 Qxc8 22. Nxe5 Kg8 23. Qf2 Qc5 24. b3 Qc3 25. Rad1 b5 26. axb5 Ra2 27. Re2 Qc5 28. h3 Rc8 29. Rdd2 Kh7 30. Kg2 Qxb5 31. Qxd4 Qa5 32.
g4 Ra1 33. Qf2 Qa2 34. g5 Qb1 35. gxf6 Qh1+ 36. Kg3 Rg1+ 37. Kh4 g5+ 38. fxg5 hxg5+ 39. Kh5 Qxh3+ 0-1

[Event "Late-Titled-Tuesday-Blitz-July-09-2024"]
[Site "Chess.com"]
[Date "2024.07.09"]
[Round "9"]
[White "JAN2404"]
[Black "David_George21"]
[Result "0-1"]
[WhiteElo "2121"]
[BlackElo "2482"]
[TimeControl "180+1"]
[EndTime "15:43:59 PDT"]
[Termination "David_George21 won on time"]

1. e4 c5 2. d4 cxd4 3. c3 dxc3 4. Nxc3 Nc6 5. Nf3 a6 6. Bc4 d6 7. Bf4 Nf6 8. O-O Bg4 9. h3 Bxf3 10. Qxf3 e6 11.
Rfd1 Qc7 12. Bb3 Ne5 13. Bxe5 dxe5 14. Rac1 Bc5 15. Na4 b6 16. Nxc5 bxc5 17. Ba4+ Ke7 18. Qe3 Rac8 19. Qg5 h6 20. Qh4 g5 21. Qg3 Rhd8 22. Rxd8 Rxd8 23. Qe3 Rd4 24. Bc2 Qa5 25. Qb3 Qb4 26. f3 Qxb3 27. Bxb3 Kd6 28. Kf2 Nd7 29.
Ke3 Nb6 30. a3 f5 31. g3 f4+ 32. gxf4 exf4+ 33. Ke2 Nd7 34. Rc2 Ne5 35. Ba2 Rd3 36.
Rd2 Rxd2+ 37. Kxd2 Nxf3+ 38. Ke2 Nd4+ 39. Kd3 f3 40.
Bc4 a5 41. Ke3 h5 42. Kf2 Ke5 43. Ke3 g4 0-1

[Event "Late-Titled-Tuesday-Blitz-July-09-2024"]
[Site "Chess.com"]
[Date "2024.07.09"]
[Round "9"]
[White "Nemsko"]
[Black "Gzucaritas"]
[Result "1-0"]
[WhiteElo "2297"]
[BlackElo "2069"]
[TimeControl "180+1"]
[EndTime "15:43:59 PDT"]
[Termination "Nemsko won on time"]

1. e4 e6 2. d4 d5 3. Nc3 Bb4 4.
e5 c5 5. a3 Bxc3+ 6. bxc3 Qa5 7. Bd2 Qa4 8. Nf3 Nc6 9. h4 h6 10. h5 Nge7 11. Rh4 c4 12. Rg4 Nf5 13. Nh4 Nce7 14.
g3 Bd7 15. Bh3 O-O-O 16. Qb1 Rdg8 17. Qb2 g5 18. hxg6 fxg6 19. Rb1 b6 20. Nxf5 Nxf5 21.
Qc1 Qc6 22. Rb4 a5 23. Rb1 Kc7 24. Bg2 g5 25. Bh3 Rg7 26. f4 h5 27. Rxg5 Rxg5 28. fxg5 Nxg3 29. Bf4 Ne4 30. Qe3 Rf8 31. g6 Rg8 32.
Qg1 Be8 33. g7 Qd7 34. Bh6 Qf7 35. Rd1 1-0

[Event "Late-Titled-Tuesday-Blitz-July-09-2024"]
[Site "Chess.com"]
[Date "2024.07.09"]
[Round "9"]
[White "zsoltkorpics"]
[Black "adrivillu"]
[Result "1-0"]
[WhiteElo "2485"]
[BlackElo "2406"]
[TimeControl "180+1"]
[EndTime "15:44:00 PDT"]
[Termination "zsoltkorpics won on time"]

1. e4 c6 2. Nf3 d5 3. Nc3 dxe4 4. Nxe4 Nd7 5. Bc4 Ngf6 6. Neg5 e6 7. Qe2 Nb6 8. Ne5 Nxc4 9. Qxc4 Qd5 10. Qxd5 exd5 11.
Ngxf7 Rg8 12. Ng5 h6 13. Ngf3 Bf5 14. d3 Bd6 15. h3 Kf8 16. Bf4 Re8 17. O-O-O Bb8 18.
Rhe1 g5 19. Bh2 Kg7 20. g4 Bc8 21. Re2 Re7 22. Rde1 Rge8 23. Kd2 c5 24. Bg3 Bc7 25. Ng1 d4 26. Nc4 Rxe2+ 27. Rxe2 Rxe2+ 28. Nxe2 Bd8 29. Be5 b5 30. Nd6 Bd7 31. Ng3 Kg6 32. Nde4 Nxe4+ 33.
Nxe4 Be7 34. Bd6 Bxd6 35. Nxd6 h5 36. f3 hxg4 37. hxg4 Kf6 38. Ne4+ Ke5 39. Nxc5 Bc6 40. Ke2 Kf4 41. Ne6+ Kg3 42. Nxd4 Bd5 43. Ke3 Bxa2 44. b3 a5 45. Nxb5 Bb1 46. c4 Bc2 47. Nd4 a4 48. Nxc2 axb3 49. Na3 b2 50. c5 Kg2 51. Ke2 Kg3 52.
c6 b1=Q 53. Nxb1 Kg2 54. c7 Kg3 55. c8=Q Kg2 56. Nd2 Kg1 57. Qc7 Kg2 58. f4 gxf4 59. Qxf4 Kh3 60. g5 Kg2 61. Qf3+ Kg1 62. Qg3+ 1-0